 Dungeon Crawl Stone Soup version 0.21-a0-349-g0c35859 (webtiles) character file.

66 vishdafish the Skirmisher (level 3, 0/29 HPs)
             Began as a Demonspawn Fighter on Oct 7, 2017.
             Slain by Grinder (7 damage)
             ... on level 3 of the Dungeon.
             The game lasted 00:01:49 (1679 turns).

vishdafish the Skirmisher (Demonspawn Fighter)      Turns: 1679, Time: 00:01:51

Health: 0/29       AC:  8    Str: 16    XL:     3   Next: 96%
Magic:  3/3        EV:  7    Int: 10    God:
Gold:   74         SH:  8    Dex: 12    Spells: 2/2 levels left

rFire    . . .     SeeInvis .   a - +0 long sword
rCold    . . .     Gourm    .   c - +0 shield
rNeg     . . .     Faith    .   b - +0 scale mail
rPois    .         Spirit   .   (helmet restricted)
rElec    .         Reflect  .   (no cloak)
rCorr    .         Harm     .   (no gloves)
MR       .....                  (no boots)
Stlth    ..........             (no amulet)
HPRegen  0.09/turn              (no ring)
MPRegen  0.08/turn              (no ring)

@: no status effects
A: antennae 1, yellow scales 1
a: no special abilities


You were on level 3 of the Dungeon.
You were hungry.

You visited 1 branch of the dungeon, and saw 3 of its levels.

You collected 74 gold pieces.

Inventory:

Hand Weapons
 a - a +0 long sword (weapon)
Armour
 b - a +0 scale mail (worn)
 c - a +0 shield (worn)
Scrolls
 h - a scroll of identify {unknown}
 i - 3 scrolls of enchant armour {unknown}
 m - a scroll of magic mapping {unknown}
Potions
 d - a potion of might
 e - 2 potions of lignification {unknown}
 j - 2 potions of heal wounds {unknown}
 l - 2 potions of mutation {unknown}
 p - 2 potions of curing {unknown}
Books
 o - a book of Maledictions

   Spells                             Type                      Level
   a - Corona                         Hexes                        1
   b - Ensorcelled Hibernation        Hexes/Ice                    2
   c - Confuse                        Hexes                        3
   d - Tukima's Dance                 Hexes                        3
   e - Dazzling Spray                 Conjuration/Hexes            3
Comestibles
 f - 4 bread rations
 g - 3 fruits
 k - a meat ration
 n - 2 chunks of flesh


   Skills:
 + Level 3.3 Fighting
 * Level 2.7 Long Blades
 - Level 3.0 Armour
 * Level 1.1 Dodging
 + Level 3.0 Shields


You had 2 spell levels left.
You didn't know any spells.

Dungeon Overview and Level Annotations

Branches:
Dungeon (3/15)

Altars:
Ru

Annotations:
D:3 Grinder


Innate Abilities, Weirdness & Mutations

You have a pair of small antennae on your head.
You are partially covered in yellow scales. (AC +2)


Message History

You are too injured to fight recklessly!
You are too injured to fight recklessly!
You hit Grinder.
Grinder is severely wounded.
You block the jackal's attack. x2; Grinder hits you but does no damage.
The jackal bites you but does no damage.
Found a stone staircase leading up.
You are feeling hungry.
There is a stone staircase leading up here.
You slash Grinder!
Grinder is severely wounded.
The jackal closely misses you. Grinder hits you but does no damage.
You block the jackal's attack.
You barely miss Grinder.
Grinder is severely wounded.
The jackal bites you but does no damage.
Grinder hits you.
You writhe in agony.
* * * LOW HITPOINT WARNING * * *
You block the jackal's attack. Grinder hits you!
You die...

..... ..?...
..... ......
##....######...(
..............
...........#
#..<......#
#.........###..
#....5h.........
###.†@..........
#.............
#.........#...
#.........#...
#.........# ..
#.........#
#####...$...
....... .......


You could see Grinder and a jackal.

Vanquished Creatures
  Jessica (D:2)
  An ooze (D:1)
  A worm (D:2)
  A dart slug (D:1)
  A ball python (D:2)
  2 bats
  A giant cockroach (D:2)
  4 goblins
  2 hobgoblins (D:1)
  8 jackals
  A frilled lizard (D:2)
  3 kobolds
  3 rats
29 creatures vanquished.

Notes
Turn   | Place    | Note
-------+----------+-------------------------------------------
     0 | D:1      | vishdafish the Demonspawn Fighter began the quest for the Orb.
     0 | D:1      | Reached XP level 1. HP: 18/18 MP: 1/1
   196 | D:1      | Gained mutation: You are partially covered in yellow scales. (AC +2) [demonic ancestry]
   196 | D:1      | Reached XP level 2. HP: 24/24 MP: 2/2
   907 | D:2      | Found a sacrificial altar of Ru.
   991 | D:2      | Noticed Jessica
   998 | D:2      | Killed Jessica
   998 | D:2      | Gained mutation: You have a pair of small antennae on your head. [demonic ancestry]
   998 | D:2      | Reached XP level 3. HP: 15/29 MP: 3/3
  1454 | D:2      | Reached skill level 1 in Dodging
  1556 | D:3      | Noticed Grinder
  1679 | D:3      | Slain by Grinder

Vault maps used:
D:1:      co_arrival_square_in_a_square_in_a_square
D:2:      first_bread, corexii_shack, nicolae_ru_awakened_eye, uniq_jessica
D:3:      uniq_grinder

Skill      XL: |  1  2  3 |
---------------+----------+-----
Long Blades    | 2 |  2.7
Armour         | 3 |  3.0
Shields        | 3 |  3.0
Dodging        | 1 |  1.1
Fighting       | |  3.3

Action                   || total
-------------------------++-------
Melee: Long sword        ||    88
  Eat: Chunk             ||     2
Armor: Scale mail        ||    61
Dodge: Dodged            ||    23
Block: Shield            ||    52
       Rpst.: Long sword ||     6

Table legend:
 A = Spawn XP
 B = Non-spawn XP
 C = Spawn XP percentage of total XP
 D = Spawn monster count
 E = Non-spawn monster count
 F = Spawn count percentage of total count
 G = Total turns spent on level
                    A         B        C        D         E        F      G
               +---------+---------+-------+---------+---------+-------+---------
         Total |       0 |      95 |   0.0 |       0 |      29 |   0.0 |  1679
               +---------+---------+-------+---------+---------+-------+---------
           D:1 |       0 |      29 |   0.0 |       0 |      13 |   0.0 |   881
           D:2 |       0 |      64 |   0.0 |       0 |      15 |   0.0 |   768
           D:3 |       0 |       2 |   0.0 |       0 |       1 |   0.0 |    30
               +---------+---------+-------+---------+---------+-------+---------
